 Dungeon Crawl Stone Soup version 0.31-a0-1616-gbeaec30b81 (webtiles) character file.

Game seed: 3603154671130160029

168 voltaire321 the Chiller (level 5, 0/38 HPs)
             Began as a Merfolk Ice Elementalist on Jan 10, 2024.
             Slain by an orc
             ... wielding a +0 whip
              (1 damage)
             ... on level 3 of the Dungeon.
             The game lasted 00:08:20 (3350 turns).

voltaire321 the Chiller (Merfolk Ice Elementalist)  Turns: 3350, Time: 00:08:20

Health: 0/38       AC:  6    Str: 10    XL:     5   Next: 48%
Magic:  9/9        EV: 11    Int: 15    God:
Gold:   88         SH:  0    Dex: 14    Spells: 2/9 levels left

rFire   . . .        k - +4 dagger (venom)
rCold   . . .        (no shield)
rNeg    . . .        h - +0 ring mail
rPois   +            (no helmet)
rElec   .            (no cloak)
rCorr   .            (no gloves)
SInv    .            a - +0 pair of boots
Will    .....        (no amulet)
Stlth   +            e - ring of poison resistance
HPRegen 0.26/turn    (no ring)
MPRegen 0.11/turn

%: no passive effects
@: no status effects
A: (nimble swimmer 2), mertail
a: no special abilities


You were on level 3 of the Dungeon.
You visited 2 branches of the dungeon, and saw 5 of its levels.

You collected 88 gold pieces.

Inventory:

Hand Weapons
 k - a +4 dagger of venom (weapon)
Armour
 a - a +0 pair of boots (worn)
 h - a +0 ring mail (worn)
Jewellery
 e - a ring of poison resistance (left hand)
Scrolls
 f - 2 scrolls of enchant armour {unknown}
 g - a scroll of fear {unknown}
 j - 2 scrolls of acquirement {unknown}
 n - a scroll of teleportation {unknown}
 q - a scroll of enchant weapon {unknown}
 r - a scroll of noise {unknown}
Potions
 b - a potion of magic
 c - a potion of brilliance {unknown}
 d - a potion of invisibility {unknown}
 i - a potion of lignification {unknown}
 l - 3 potions of curing {unknown}
 m - a potion of resistance {unknown}
 o - a potion of heal wounds {unknown}
 p - a potion of might {unknown}


   Skills:
 + Level 2.2 Fighting
 + Level 1.4 Armour
 + Level 4.0 Dodging
 - Level 2.1 Stealth
 + Level 2.7 Spellcasting
 + Level 5.1 Ice Magic


You had 2 spell levels left.
You knew the following spells:

 Your Spells              Type           Power      Damage    Failure   Level
a - Freeze                Ice            68%        1d8       6%          1
b - Frozen Ramparts       Ice            34%        1d6       19%         3
c - Ozocubu's Armour      Ice            17%        N/A       19%         3

Your spell library contained the following spells:

 Spells                   Type           Power      Damage    Failure   Level
 Summon Ice Beast         Ice/Summ       9%         N/A       47%         3
 Vhi's Electric Charge    Tloc/Air       4%         N/A       99%         4
 Arcjolt                  Conj/Air       1%         1d11      100%        5
 Plasma Beam              Fire/Air       1%         2x1d11    100%        6


Dungeon Overview and Level Annotations

Branches:
Dungeon (4/15)             Temple (1/1) D:4

Altars:
Ashenzari
Cheibriados
Dithmenos
Elyvilon
Fedhas
Gozag
Hepliaklqana
Kikubaaqudgha
Makhleb
Nemelex Xobeh
Qazlal
Ru
Sif Muna
Trog
Yredelemnul
Zin
The Shining One

Shops:
D:3 :


Innate Abilities, Weirdness & Mutations

((You are very nimble when in or above water. (Stealth+, EV+, Speed+++)))
Your lower body shifts to a powerful aquatic tail in water.


Message History

The puff of flame hits you. The orc hits you but does no damage.
You hit the orc wizard.
The orc wizard is poisoned.
The orc wizard is lightly wounded.
Something hits you.
The orc wizard hits you with a +1 dagger of flaming.
The orc wizard burns you. The orc closely misses you.
You hit the orc wizard.
The orc wizard is moderately wounded.
Something hits you. The orc wizard barely misses you. The orc misses you.
You hit the orc wizard.
The orc wizard looks as sick as possible!
The orc wizard is heavily wounded.
Something hits you. The orc wizard barely misses you.
The orc closely misses you.
You hit something.
You kill the orc wizard!
Something hits you but does no damage. The orc hits you with a +0 whip.
Your Dodging skill increases to level 4!
You miss something.
You hear some strange, mumbled words.
A puff of flame appears from out of thin air!
The puff of flame hits you!
* * * LOW HITPOINT WARNING * * *
The orc hits you but does no damage.
You hit something. Something hits you.
* * * LOW HITPOINT WARNING * * *
The orc barely misses you.
You closely miss something. Something hits you.
* * * LOW HITPOINT WARNING * * *
The orc hits you with a +0 whip.
* * * LOW HITPOINT WARNING * * *
You miss something.
You hear some strange, mumbled words.
Something tries to affect you, but you resist.
The orc hits you with a +0 whip.
* * * LOW HITPOINT WARNING * * *
You hit something but do no damage. Something hits you.
* * * LOW HITPOINT WARNING * * *
The orc hits you with a +0 whip.
You die...

......# ###.##.# #.#
......# #.##.# #.#
####.## ###.##.#####.#
#
#...######...##...(...#
#
#.#......#.#.##########
# #<..######.### #
###.# ##..###### #
#.####......{.# #
#...'...⌠...@.#
##.###.....).o#
#...##..######
###..##.# ##..#.#
##...# #####


You could see an orc.

Vanquished Creatures
  An orc wizard (D:3)
  Robin (D:2)
  4 adders
  3 dart slugs
  3 ribbon worms
  4 orcs
  5 bats
  7 endoplasms
  A giant cockroach (D:3)
  16 goblins
  10 hobgoblins
  4 quokkas
  5 ball pythons
  4 frilled lizards
  6 kobolds
  3 rats
77 creatures vanquished.

Notes
Turn   | Place    | Note
-------+----------+-------------------------------------------
     0 | D:1      | voltaire321 the Merfolk Ice Elementalist began the quest
                  | for the Orb.
     0 | D:1      | Reached XP level 1. HP: 13/13 MP: 3/3
   441 | D:1      | Reached XP level 2. HP: 19/20 MP: 0/5
  1003 | D:2      | Reached skill level 1 in Fighting
  1149 | D:2      | Noticed Robin
  1168 | D:2      | Reached XP level 3. HP: 26/26 MP: 4/6
  1280 | D:1      | Learned a level 3 spell: Frozen Ramparts
  1296 | D:2      | Killed Robin
  1592 | D:2      | Reached skill level 1 in Armour
  1592 | D:2      | Reached XP level 4. HP: 28/32 MP: 7/7
  1652 | D:2      | Found a faded altar of an unknown god.
  1915 | D:2      | Learned a level 3 spell: Ozocubu's Armour
  2448 | D:3      | Found Esaik's Vocational Training.
  2492 | D:3      | Reached XP level 5. HP: 38/38 MP: 8/8
  2713 | D:3      | Reached skill level 5 in Ice Magic
  3204 | D:4      | Found a staircase to the Ecumenical Temple.
  3218 | Temple   | Entered the Ecumenical Temple
  3350 | D:3      | HP: 1/38 [something (2)]
  3350 | D:3      | Slain by an orc

Illustrated notes

Levels and vault maps discovered:
D:1:      dpeg_arrival_shelter, layout_basic, chequers_mini_garden,
          feat_on_display
D:2:      layout_basic, hellmonk_ecumenical_altar_slurped_away, uniq_robin
D:3:      layout_loops_ring, grunt_ministairs_14, nicolae_shop_vocational
D:4:      layout_basic, minmay_temple_entry_crystal_x
Temple:   nicolae_temple_bog_church

Skill      XL: |  1  2  3  4  5 |
---------------+----------------+-----
Dodging        | 3 4 |  4.0
Fighting       | 1 2 |  2.2
Armour         | 1 |  1.4
Ice Magic      | 5 |  5.1
Stealth        | |  2.1
Spellcasting   | |  2.7

Action                     |  1- 3 |  4- 6 || total
---------------------------+-------+-------++-------
  Melee: Short sword       |    44 |       ||    44
         Dagger            |     7 |   116 ||   123
         Punch             |       |     1 ||     1
   Cast: Freeze            |    35 |       ||    35
   Stab: Sleeping          |     2 |     2 ||     4
 Armour: Ring mail         |    52 |    88 ||   140
         Leather armour    |     1 |       ||     1
  Dodge: Dodged            |    58 |    65 ||   123

Table legend: (Time is in decaauts)
 A = Elapsed time spent in this place.
 B = Non-inter-level travel time spent in this place.
 C = Inter-level travel time spent in this place.
 D = Time resting spent in this place.
 E = Time spent auto-exploring this place.
 F = Levels seen in this place.
 G = Mean time per level.
                   A        B        C        D        E       F      G
               +--------+--------+--------+--------+--------+-----+--------+
         Total |   3348 |   3315 |     33 |    734 |   1831 |   5 |  669.6 |
       Dungeon |   3308 |   3275 |     33 |    734 |   1831 |   4 |  827.0 |
        Temple |     39 |     39 |      0 |      0 |      0 |   1 |   39.0 |
               +--------+--------+--------+--------+--------+-----+--------+

Top non-repeatable levels by time:
     D:2: 1151 daAuts
     D:1: 1037 daAuts
     D:3: 903 daAuts
     D:4: 215 daAuts
  Temple: 39 daAuts
